 Dungeon Crawl Stone Soup version 0.28.0-45-g0d030f2227 (webtiles) character file.

Game seed: 9031156051370920854

56 NinjaNoafa the Grasshopper (level 3, -4/31 HPs)
             Began as a Gnoll Warper on Apr 11, 2022.
             Slain by an iguana (11 damage)
             ... on level 3 of the Dungeon.
             The game lasted 00:03:25 (2506 turns).

NinjaNoafa the Grasshopper (Gnoll Warper)           Turns: 2506, Time: 00:03:26

Health: -4/31      AC:  3    Str: 10    XL:     3   Next: 97%
Magic:  7/9        EV: 12    Int: 14    God:
Gold:   81         SH:  5    Dex: 11    Spells: 10/12 levels left

rFire   . . .      SeeInvis +   a - +0 spear
rCold   . . .      Faith    .   k - +2 buckler
rNeg    . . .      Spirit   .   b - +0 leather armour
rPois   .          Reflect  .   (no helmet)
rElec   .          Harm     .   (no cloak)
rCorr   .          Rampage  .   (no gloves)
Will    .....                   (no boots)
Stlth   +.........              (no amulet)
HPRegen 0.10/turn               g - ring of see invisible
MPRegen 0.11/turn               (no ring)

@: on blink cooldown
A: fangs 1, strong nose, distributed training
a: no special abilities


You were on level 3 of the Dungeon.
You visited 1 branch of the dungeon, and saw 3 of its levels.

You collected 81 gold pieces.

Inventory:

Hand Weapons
 a - a +0 spear (weapon)
 n - a +0 dagger
Missiles
 d - 5 boomerangs of dispersal (quivered)
 f - 16 sling bullets
 h - 75 stones
 i - 26 arrows
 l - 4 poisoned darts
 v - 2 curare-tipped darts
 y - 22 bolts
Armour
 b - a +0 leather armour (worn)
 k - a +2 buckler (worn)
 q - a +0 robe
Jewellery
 g - a ring of see invisible (left hand)
 w - a ring of protection from fire
Scrolls
 c - a scroll of blinking
 e - 4 scrolls of identify
 o - a scroll of acquirement {unknown}
 t - a scroll of amnesia {unknown}
Potions
 j - a potion of heal wounds
 m - a potion of flight {unknown}
 p - a potion of lignification {unknown}
 r - a potion of haste {unknown}
 s - a potion of curing {unknown}
 u - 2 potions of invisibility {unknown}
 x - 2 potions of degeneration {unknown}
 z - 2 potions of resistance {unknown}


   Skills:
 + Level 4.6 Fighting
 + Level 1.0 Short Blades
 + Level 1.0 Long Blades
 + Level 1.0 Axes
 + Level 1.0 Maces & Flails
 + Level 4.6 Polearms
 + Level 1.0 Staves
 + Level 1.0 Slings
 + Level 1.0 Bows
 + Level 1.0 Crossbows
 + Level 2.7 Throwing
 + Level 2.7 Armour
 + Level 4.6 Dodging
 + Level 1.0 Stealth
 + Level 1.0 Shields
 + Level 1.0 Unarmed Combat
 + Level 5.0 Spellcasting
 + Level 0.7 Conjurations
 + Level 0.7 Hexes
 + Level 0.7 Summonings
 + Level 0.7 Necromancy
 + Level 5.4 Translocations
 + Level 0.7 Transmutations
 + Level 0.7 Fire Magic
 + Level 0.7 Ice Magic
 + Level 0.7 Air Magic
 + Level 0.7 Earth Magic
 + Level 0.7 Poison Magic
 + Level 1.1 Invocations
 + Level 1.0 Evocations


You had 10 spell levels left.
You knew the following spells:

 Your Spells              Type           Power      Damage    Failure   Level
a - Blink                 Tloc           36%        N/A       4%          2

Your spell library contained the following spells:

 Spells                   Type           Power      Damage    Failure   Level
 Gell's Gravitas          Tloc           18%        N/A       10%         3
 Lesser Beckoning         Tloc           18%        N/A       10%         3
 Teleport Other           Tloc           18%        N/A       10%         3
 Manifold Assault         Tloc           18%        N/A       67%         5


Dungeon Overview and Level Annotations

Branches:
Dungeon (3/15)

Altars:


Innate Abilities, Weirdness & Mutations

You have very sharp teeth.
Your uncanny sense of smell can sniff out nearby items.
Your experience applies equally to all skills.


Message History

(D) Dungeon
Where to? (Enter - D:2, ? - help)
What level of the Dungeon? (default 1, ? - help)
There is a stone staircase leading down here.
You climb downwards.
There is a stone staircase leading up here.
An iguana is nearby!
Found 2 fuming brown potions.
The iguana hisses angrily.
The iguana bites you!
You hit the iguana but do no damage. The iguana closely misses you.
You hit the iguana.
The iguana is moderately wounded.
The iguana barely misses you.
You hit the iguana.
The iguana is heavily wounded.
The iguana bites you.
You closely miss the iguana. You bite the iguana, but do no damage.
The iguana is heavily wounded.
The iguana bites you.
a - a +0 spear (weapon)
You hit the iguana.
The iguana is heavily wounded.
The iguana bites you!
* * * LOW HITPOINT WARNING * * *
You closely miss the iguana. You bite the iguana, but do no damage.
The iguana is heavily wounded.
The iguana closely misses you.
Casting: Blink (safe; 4% risk of failure)
Confirm with . or Enter, or press ? or * to list all spells.
You blink.
The iguana barely misses you.
You barely miss the iguana.
The iguana is heavily wounded.
You block the iguana's attack.
Okay, then.
As you read the scroll labelled TUPHIPHE SOYME, it crumbles to dust.
It is a scroll of identify.
j - a potion of heal wounds The iguana bites you!
You die...

#######
#.<...#
.#####.....#
.......ยง...#
!#####.l...#
#@....#
#######


You could see an iguana.

Vanquished Creatures
  2 adders (D:2)
  A dart slug (D:1)
  A ball python (D:2)
  5 bats
  3 endoplasms
  2 goblins (D:1)
  3 hobgoblins
  3 jackals (D:1)
  3 kobolds
  A quokka (D:1)
  10 frilled lizards
  2 rats
36 creatures vanquished.

Notes
Turn   | Place    | Note
-------+----------+-------------------------------------------
     0 | D:1      | NinjaNoafa the Gnoll Warper began the quest for the Orb.
     0 | D:1      | Reached XP level 1. HP: 20/20 MP: 6/6
   338 | D:1      | Reached XP level 2. HP: 26/26 MP: 7/7
   408 | D:1      | Learned a level 2 spell: Blink
  1060 | D:1      | Reached XP level 3. HP: 30/31 MP: 9/9
  1069 | D:1      | Reached skill level 5 in Spellcasting
  1541 | D:2      | Reached skill level 1 in Invocations
  2141 | D:2      | Reached skill level 1 in Short Blades
  2141 | D:2      | Reached skill level 1 in Long Blades
  2141 | D:2      | Reached skill level 1 in Axes
  2141 | D:2      | Reached skill level 1 in Maces & Flails
  2141 | D:2      | Reached skill level 1 in Staves
  2141 | D:2      | Reached skill level 1 in Slings
  2141 | D:2      | Reached skill level 1 in Bows
  2141 | D:2      | Reached skill level 1 in Crossbows
  2141 | D:2      | Reached skill level 1 in Stealth
  2141 | D:2      | Reached skill level 1 in Shields
  2141 | D:2      | Reached skill level 1 in Unarmed Combat
  2141 | D:2      | Reached skill level 1 in Evocations
  2506 | D:3      | Slain by an iguana

Illustrated notes

Levels and vault maps discovered:
D:1:      saegor_arrival_simple_d, layout_loops_ring,
          hangedman_abyss_or_decor_stabs, minmay_lizard_pond
D:2:      layout_basic, fountainhead, amcnicky_mini_corridor_feature
D:3:      layout_loops_cross, hellmonk_ecumenical_altar_defaced_shrine,
          minmay_fractal_squares_diagonal_5

Skill      XL: |  1  2  3 |
---------------+----------+-----
Spellcasting   | 5 |  5.0
Invocations    | 1 |  1.1
Short Blades   | 1 |  1.0
Long Blades    | 1 |  1.0
Axes           | 1 |  1.0
Maces & Flails | 1 |  1.0
Staves         | 1 |  1.0
Slings         | 1 |  1.0
Bows           | 1 |  1.0
Crossbows      | 1 |  1.0
Stealth        | 1 |  1.0
Shields        | 1 |  1.0
Unarmed Combat | 1 |  1.0
Evocations     | 1 |  1.0
Fighting       | |  4.6
Polearms       | |  4.6
Throwing       | |  2.7
Armour         | |  2.7
Dodging        | |  4.6
Conjurations   | |  0.7
Hexes          | |  0.7
Summonings     | |  0.7
Necromancy     | |  0.7
Translocations | |  5.4
Transmutations | |  0.7
Fire Magic     | |  0.7
Ice Magic      | |  0.7
Air Magic      | |  0.7
Earth Magic    | |  0.7
Poison Magic   | |  0.7

Action                   || total
-------------------------++-------
Melee: Spear             ||   127
       Bite              ||    10
       Dagger            ||     4
 Cast: Blink             ||     5
  Use: Scroll            ||     1
 Stab: Sleeping          ||     3
Armor: Leather armour    ||    18
Dodge: Dodged            ||    45
Block: Buckler           ||    23
